 Dungeon Crawl Stone Soup version 0.30-a0-715-gdb4ae3ece1 (webtiles) character file.

Game seed: 14732611636208486990

47215 thfrgi the Fighter (level 14, -1/119 HPs)
             Began as a Demonspawn Berserker on Jan 23, 2023.
             Was the Champion of Trog.
             Slain by a freezing wraith (3 damage)
             ... on level 15 of the Dungeon.
             The game lasted 01:15:34 (13330 turns).

thfrgi the Fighter (Demonspawn Berserker)          Turns: 13330, Time: 01:15:35

Health: -1/119     AC: 32    Str: 23    XL:     14   Next: 7%
Magic:  14/14      EV:  8    Int:  9    God:    Trog [******]
Gold:   633        SH: 10    Dex: 16    Spells: 13/13 levels left

rFire   + . .      SeeInvis +    l - +5 broad axe (elec)
rCold   + + +      Faith    .    g - +1 buckler
rNeg    . . .      Spirit   .    f - +3 crystal plate armour
rPois   +          Reflect  .    h - +1 helmet of Zastop {rC+++ rCorr Dex-4 SInv}
rElec   .          Harm     .    (cloak unavailable)
rCorr   +          Rampage  .    J - +0 pair of gloves of the Ant {rC+ Dex+2}
Will    +....      Clarity  +    w - +2 pair of boots {Fly} Stlth
                                 b - amulet of regeneration
HPRegen 1.19/turn                e - ring of fire
MPRegen 0.14/turn                a - +6 ring of dexterity

@: about to teleport, flying, slowed, very slow
A: large bone plates 2, demonic guardian 2, powered by death 1, weakness stinger
3, talons 1, clarity, poison resistance
a: Renounce Religion, Berserk, Trog's Hand, Brothers in Arms


You were on level 15 of the Dungeon.
You worshipped Trog.
Trog was exalted by your worship.
You visited 3 branches of the dungeon, and saw 17 of its levels.
You also visited: Bailey.

You collected 1463 gold pieces.
You spent 830 gold pieces at shops.

Inventory:

Hand Weapons
 l - a +5 broad axe of electrocution (weapon)
 s - a +0 heavy executioner's axe
 v - a +3 war axe of venom
 E - a +4 antimagic battleaxe
Missiles
 n - 3 throwing nets (quivered)
Armour
 f - a +3 crystal plate armour (worn)
 g - a +1 buckler (worn)
 h - the +1 helmet of Zastop (worn) {rC+++ rCorr Dex-4 SInv}
   (You took it off Robin on level 3 of the Dungeon)

   Dex:       It affects your dexterity (-4).
   rC:        It renders you almost immune to cold.
   SInv:      It lets you see invisible.
   rCorr:     It protects you from acid and corrosion.
 w - a +2 pair of boots of flying (worn)
 J - the +0 pair of gloves of the Ant (worn) {rC+ Dex+2}
   (You bought it in a shop on level 11 of the Dungeon)

   Dex:       It affects your dexterity (+2).
   rC:        It protects you from cold.
Jewellery
 a - a +6 ring of dexterity (right hand)
 b - an amulet of regeneration (around neck)
 c - a ring of willpower
 e - a ring of fire (left hand)
 p - an amulet of faith
 I - a ring of ice
Wands
 i - a wand of charming (16)
 m - a wand of flame (25)
 q - a wand of digging (3)
 r - a wand of polymorph (14)
 t - a wand of light (10)
 G - a wand of roots (15)
Scrolls
 x - 2 scrolls of teleportation
 y - 2 scrolls of fear
 B - a scroll of poison
 C - 2 scrolls of magic mapping
 D - a scroll of fog
 F - a scroll of identify
 L - a scroll of silence
Potions
 d - 3 potions of might
 j - a potion of resistance
 k - 3 potions of ambrosia
 o - 3 potions of brilliance
 u - 5 potions of flight
 z - 2 potions of heal wounds
 A - 3 potions of cancellation
 H - 2 potions of lignification
Miscellaneous
 K - a condenser vane


   Skills:
 * Level 13.6 Fighting
 * Level 12.6 Axes
 * Level 12.4 Armour
 + Level 9.0 Dodging


You had 13 spell levels left.
You didn't know any spells.
Your spell library was empty.

Dungeon Overview and Level Annotations

Branches:
Dungeon (15/15)            Temple (0/1) D:5            Lair (0/5) D:11
    Orc (2/2) D:12            Elf (1/3) Orc:2        Bailey (visited)
 Vaults: D:13-14     Depths: D:15

Altars:
Nemelex Xobeh
Okawaru
Qazlal
Sif Muna
Trog

Shops:
D:1 *   D:3 *   D:4 =   D:10 (   D:11 *   Orc:2 ***([   Elf:1 ((?


Innate Abilities, Weirdness & Mutations

You are mostly covered in large bone plates. (SH +6)
A demonic guardian rushes to your aid.
You regenerate a little health from kills.
You have a sharp stinger which inflicts weakening toxins.
You have sharp toenails.
You possess an exceptional clarity of mind.
Your system is resistant to poisons. (rPois)


Message History

The rakshasa is heavily wounded.
You barely miss the freezing wraith. The tengu warrior blocks your attack.
You completely miss the freezing wraith.
You slash the rakshasa! Lightning courses through the rakshasa!
The rakshasa is no longer weakened. x3; You block the tengu warrior's attack.
The tengu warrior pecks you.
The tengu warrior claws you but does no damage.
The freezing wraith hits you. The freezing wraith freezes you. You resist.
The freezing wraith hits you.
The rakshasa hits you with a +0 trident!
* * * LOW HITPOINT WARNING * * *
The rakshasa hits you but does no damage.
The freezing wraith completely misses you.
The freezing wraith hits you but does no damage.
The rakshasa hits you with a +0 trident!
* * * LOW HITPOINT WARNING * * *
The tengu warrior hits you but does no damage.
The tengu warrior pecks you but does no damage.
The tengu warrior claws you but does no damage.
As you read the scroll of teleportation, it crumbles to dust.
You feel strangely unstable. The freezing wraith barely misses you.
The freezing wraith hits you!
* * * LOW HITPOINT WARNING * * *
A demonic guardian appears!
The freezing wraith drains your vigour!
You feel as though you will be slow longer.
The rakshasa hits you but does no damage.
The rakshasa hits you from afar with a +0 trident!
* * * LOW HITPOINT WARNING * * *
The rakshasa hits you with a +0 trident.
* * * LOW HITPOINT WARNING * * *
You block the freezing wraith's attack.
The freezing wraith hits you but does no damage.
The tengu warrior hits you but does no damage.
The tengu warrior completely misses your sun demon.
The tengu warrior pecks you but does no damage.
The tengu warrior claws you but does no damage.
The freezing wraith hits you!
* * * LOW HITPOINT WARNING * * *
The freezing wraith freezes you. You resist.
You die...

#. ............... #.
...........$... #.
............... #.
...............
...............
...............
......WRW......
.......@R......
#......)Q[R.....
#........3.....?
#...............
#...............
#............... #
#.[.............. ##.. ##
#................++.8.++.
#........####.....##...##


You could see 3 rakshasas, a tengu warrior (ally target, reflecting), 2 freezing
wraiths and a friendly sun demon (summoned).

Vanquished Creatures
  2 orc warlords (Orc:2)
  An ogre mage (D:15)
  4 centaur warriors (D:15)
  9 two-headed ogres
  Harold (D:10)
  3 boulder beetles
  2 tengu warriors (D:15)
  A dancing weapon (Elf:1)
  A deep elf knight (Elf:1)
  Sonja (Orc:2)
  2 deep elf archers (Elf:1)
  7 deep elf pyromancers
  5 deep elf zephyrmancers (Elf:1)
  2 orc knights
  2 orc sorcerers (Orc:2)
  3 ugly things
  4 cyclopes
  A manticore (D:15)
  Maggie (D:9)
  2 komodo dragons (D:11)
  6 yaktaurs
  A tengu conjurer (D:15)
  A queen bee (shapeshifter) (D:13)
  8 trolls
  A raiju (shapeshifter) (Elf:1)
  6 slime creatures (D:13)
  An air elemental (Elf:1)
  A vampire (D:10)
  2 shadows
  16 yaks
  3 wraiths
  2 wyverns
  A human (shapeshifter) (D:15)
  3 vampire mosquitoes
  Grum (D:11)
  2 steam dragons
  2 basilisks
  2 acid dragons
  Edmund (D:4)
  3 water moccasins
  4 wargs
  37 orc warriors
  2 ice beasts
  4 sky beasts
  3 black bears
  7 centaurs
  8 ogres
  4 wolves (D:11)
  4 bullfrogs
  2 kobold brigands
  3 earth elementals (Elf:1)
  A gnoll sergeant (D:10)
  4 wights (D:8)
  10 killer bees
  4 howler monkeys
  2 hounds
  A gnoll bouda (D:8)
  26 orc priests
  Jessica (D:3)
  Ijyb (D:3)
  Natasha (thrice) (D:3)
  2 iguanas
  24 orc wizards
  Robin (D:3)
  6 adders
  13 gnolls
  A shadow imp (D:7)
  4 white imps (D:7)
  3 ufetubi
  5 worms
  3 dart slugs
  96 orcs
  10 ball pythons
  8 endoplasms
  2 giant cockroaches (D:1)
  14 goblins
  16 hobgoblins
  6 jackals
  8 quokkas
  8 bats
  A frilled lizard (D:2)
  17 kobolds
  7 rats
503 creatures vanquished.

Vanquished Creatures (collateral kills)
  A water elemental (Elf:1)
  An orc warrior (Orc:1)
  A centaur (D:15)
3 creatures vanquished.

Vanquished Creatures (others)
  A deep elf knight (Elf:1)
  A centaur (D:6)
  2 orc wizards
  An orc (Orc:2)
  A demonic plant (D:7)
  34 fungi (D:11)
  37 plants (D:11)
77 creatures vanquished.

Grand Total: 583 creatures vanquished

Notes
Turn   | Place    | Note
-------+----------+-------------------------------------------
     0 | D:1      | thfrgi the Demonspawn Berserker began the quest for the
                  | Orb.
     0 | D:1      | Reached XP level 1. HP: 18/18 MP: 1/1
    99 | D:1      | Gained mutation: You are partially covered in large bone
                  | plates. (SH +4) [demonic ancestry]
    99 | D:1      | Reached XP level 2. HP: 13/24 MP: 2/2
   360 | D:1      | Found Dehud's Assorted Antiques.
   368 | D:1      | Reached XP level 3. HP: 24/29 MP: 3/3
   800 | D:2      | Reached ** piety under Trog
   999 | D:2      | Gained mutation: You regenerate a little health from kills.
                  | [demonic ancestry]
   999 | D:2      | Reached XP level 4. HP: 36/36 MP: 4/4
  1324 | D:3      | Noticed Ijyb
  1340 | D:3      | Identified the +1 helmet of Zastop {rC+++ rCorr Dex-4 SInv}
  1340 | D:3      | Noticed Robin
  1345 | D:3      | Killed Ijyb
  1358 | D:3      | Killed Robin
  1465 | D:3      | Noticed Jessica
  1468 | D:3      | Killed Jessica
  1468 | D:3      | Reached *** piety under Trog
  1469 | D:3      | Reached skill level 4 in Fighting
  1469 | D:3      | Reached XP level 5. HP: 42/42 MP: 5/5
  1470 | D:3      | Noticed a black bear
  1483 | D:3      | Killed a black bear
  1524 | D:3      | Noticed Natasha
  1544 | D:3      | Killed Natasha
  1545 | D:3      | Gained mutation: You have a small tail. [demonic ancestry]
  1545 | D:3      | Reached XP level 6. HP: 45/49 MP: 6/6
  1608 | D:3      | Noticed Natasha
  1619 | D:3      | Killed Natasha
  1647 | D:3      | Noticed Natasha
  1656 | D:3      | Killed Natasha
  1856 | D:3      | Found Gillyss's Assorted Antiques.
  1982 | D:3      | Gained mutation: You possess an exceptional clarity of
                  | mind. [potion of mutation]
  1982 | D:3      | Gained mutation: You are frail. (-10% HP) [potion of
                  | mutation]
  1983 | D:3      | Lost mutation: You are frail. (-10% HP) [potion of
                  | mutation]
  1983 | D:3      | Lost mutation: You possess an exceptional clarity of mind.
                  | [potion of mutation]
  1983 | D:3      | Gained mutation: Your system is resistant to poisons.
                  | (rPois) [potion of mutation]
  1983 | D:3      | Gained mutation: You have sharp toenails. [potion of
                  | mutation]
  1983 | D:3      | Gained mutation: You possess an exceptional clarity of
                  | mind. [potion of mutation]
  2000 | D:4      | Found Etagilorr's Jewellery Emporium.
  2083 | D:4      | Reached **** piety under Trog
  2203 | D:4      | Noticed Edmund
  2221 | D:4      | Killed Edmund
  2222 | D:4      | Reached XP level 7. HP: 55/55 MP: 7/7
  2901 | D:4      | Reached skill level 5 in Fighting
  3058 | D:3      | Bought a pair of embroidered boots for 195 gold pieces
  3184 | D:5      | Entered Level 5 of the Dungeon
  3210 | D:5      | Found a stormy altar of Qazlal.
  3214 | D:5      | Noticed an air elemental
  3379 | D:5      | Noticed a water elemental
  3379 | D:5      | Noticed a fire elemental
  3720 | D:5      | Found a staircase to the Ecumenical Temple.
  3794 | D:5      | Reached skill level 5 in Axes
  4506 | D:6      | Noticed a steam dragon
  4518 | D:6      | Killed a steam dragon
  4519 | D:6      | Reached XP level 8. HP: 60/64 MP: 8/8
  4688 | D:6      | Reached skill level 6 in Fighting
  4688 | D:6      | Reached skill level 5 in Armour
  5403 | D:7      | Noticed a two-headed ogre
  5420 | D:7      | Killed a two-headed ogre
  5421 | D:7      | Reached skill level 7 in Fighting
  5421 | D:7      | Gained mutation: You have a tail ending in a sharp stinger.
                  | [demonic ancestry]
  5421 | D:7      | Reached XP level 9. HP: 31/72 MP: 9/9
  5954 | D:8      | Reached skill level 5 in Dodging
  5994 | D:8      | Noticed a deep elf pyromancer
  6164 | D:8      | Reached skill level 8 in Fighting
  6171 | D:8      | Killed a deep elf pyromancer
  6197 | D:8      | Gained mutation: You are mostly covered in large bone
                  | plates. (SH +6) [demonic ancestry]
  6197 | D:8      | Reached XP level 10. HP: 81/81 MP: 10/10
  6220 | D:8      | Reached ***** piety under Trog
  6289 | D:8      | Found a flagged portal.
  6302 | Bailey   | Entered a bailey
  6730 | D:8      | Noticed a two-headed ogre
  6736 | D:8      | Killed a two-headed ogre
  6788 | D:9      | Reached skill level 9 in Fighting
  6847 | D:9      | Found a bloodstained altar of Trog.
  6904 | D:9      | Noticed Maggie
  6914 | D:9      | Killed Maggie
  7139 | D:9      | Found a shimmering blue altar of Sif Muna.
  7236 | D:10     | Entered Level 10 of the Dungeon
  7469 | D:10     | Noticed Harold
  7479 | D:10     | Found Kulaetsu's Weapon Boutique.
  7489 | D:10     | Killed Harold
  7490 | D:10     | Reached XP level 11. HP: 70/89 MP: 11/11
  7718 | D:10     | Found an iron altar of Okawaru.
  8015 | D:10     | Reached skill level 10 in Fighting
  8245 | D:11     | Noticed a boulder beetle
  8247 | D:11     | Noticed a two-headed ogre
  8269 | D:11     | Killed a boulder beetle
  8274 | D:11     | Killed a two-headed ogre
  8282 | D:11     | Found a staircase to the Lair.
  8282 | D:11     | Noticed a red ugly thing
  8283 | D:11     | Noticed a two-headed ogre
  8307 | D:11     | Received a gift from Trog
  8313 | D:11     | Noticed a two-headed ogre
  8317 | D:11     | Killed a two-headed ogre
  8333 | D:11     | Killed a two-headed ogre
  8339 | D:11     | Killed a red ugly thing
  8512 | D:11     | Noticed a boulder beetle
  8522 | D:11     | Killed a boulder beetle
  8523 | D:11     | Reached skill level 10 in Axes
  8609 | D:11     | Noticed a two-headed ogre
  8617 | D:11     | Killed a two-headed ogre
  8618 | D:11     | Reached skill level 11 in Fighting
  8683 | D:11     | Noticed Grum
  8689 | D:11     | Found Pefeajif's Assorted Antiques.
  8697 | D:11     | Killed Grum
  8698 | D:11     | Gained mutation: You have a sharp stinger which inflicts
                  | weakening toxins. [demonic ancestry]
  8698 | D:11     | Reached XP level 12. HP: 86/100 MP: 12/12
  8712 | D:11     | Bought a pair of fine gloves for 209 gold pieces
  8712 | D:11     | Identified the +0 pair of gloves of the Ant {rC+ Dex+2}
                  | (You bought it in a shop on level 11 of the Dungeon)
  8881 | D:12     | Reached skill level 10 in Armour
  8894 | D:12     | Found a staircase to the Orcish Mines.
  9306 | D:12     | Found a sparkling altar of Nemelex Xobeh.
  9540 | Orc:1    | Entered Level 1 of the Orcish Mines
  9804 | Orc:2    | Entered Level 2 of the Orcish Mines
  9843 | Orc:2    | Found a staircase to the Elven Halls.
  9859 | Orc:2    | Noticed Sonja
  9895 | Orc:2    | Killed Sonja
  9895 | Orc:2    | Received a gift from Trog
  9958 | Orc:2    | Found Ymerch's General Store.
  9977 | Orc:2    | Bought a potion of curing for 42 gold pieces
 10089 | Orc:2    | Found Faan's Assorted Antiques.
 10097 | Orc:2    | Bought a runed broad axe for 203 gold pieces
 10157 | Orc:2    | Reached ****** piety under Trog
 10229 | Orc:2    | Noticed an orc warlord
 10473 | Orc:2    | Received a gift from Trog
 10611 | Orc:2    | Killed an orc warlord
 10612 | Orc:2    | Reached skill level 12 in Fighting
 10635 | Orc:2    | Found Baekkaon's Antique Armour Shoppe.
 10643 | Orc:2    | Found Duluol's Antique Weapon Emporium.
 10852 | Orc:2    | Found Yxoafugi's General Store.
 10891 | Orc:2    | Bought a scroll of teleportation for 36 gold pieces
 10926 | Elf:1    | Entered Level 1 of the Elven Halls
 11208 | Elf:1    | Found Irhaank's Magic Scroll Shoppe.
 11210 | Elf:1    | Paralysed by an air elemental for 1 turns
 11211 | Elf:1    | Found Ima Acu's Antique Weapon Emporium.
 11213 | Elf:1    | Paralysed by an air elemental for 1 turns
 11217 | Elf:1    | Paralysed by an air elemental for 1 turns
 11220 | Elf:1    | Found Xahirch's Weapon Shoppe.
 11305 | Elf:1    | Gained mutation: A weak demonic guardian rushes to your
                  | aid. [demonic ancestry]
 11305 | Elf:1    | Reached XP level 13. HP: 53/109 MP: 13/13
 11994 | Orc:2    | Bought a potion of heal wounds for 145 gold pieces
 11998 | Orc:1    | Noticed an orc warlord
 12024 | Orc:2    | Received a gift from Trog
 12049 | Orc:2    | Killed an orc warlord
 12549 | D:13     | Reached skill level 13 in Fighting
 12765 | D:13     | You are sucked into a shaft and drop 2 floors!
 12765 | D:15     | Entered Level 15 of the Dungeon
 13185 | D:15     | Gained mutation: A demonic guardian rushes to your aid.
                  | [demonic ancestry]
 13185 | D:15     | Reached XP level 14. HP: 108/118 MP: 14/14
 13330 | D:15     | HP: 2/119 [freezing wraith (7)]
 13330 | D:15     | Slain by a freezing wraith

Illustrated notes

Levels and vault maps discovered:
D:1:      spicycebolla_arrival_xxxplode, layout_rooms, serial_shops, shop,
          kennysheep_minor_cross, minmay_box_of_dots
D:2:      layout_rooms, minivault_26
D:3:      kennysheep_the_goblin_king, layout_basic, serial_shops,
          nicolae_shop_hallway_stairs, nicolae_goblin_pals, uniq_ijyb,
          uniq_natasha, uniq_jessica
D:4:      layout_layer_cave, minmay_shop_enchanted_jewellery, hex_medium,
          uniq_edmund
D:5:      nicolae_cairo_tiling, layout_layer_cave,
          nicolae_qazlal_style_of_elements, minmay_temple_entry_mini_moons,
          minivault_26
D:6:      layout_basic
D:7:      layout_basic, serial_demonic, serial_demonic_f, serial_demonic_c,
          serial_demonic_f, serial_demonic_d
D:8:      layout_gridville, enter_bailey_2, minmay_misc_feat_chi,
          grunt_potential
D:9:      layout_roguey, bloody_trog, led_sif_pool, uniq_maggie
D:10:     kennysheep_blocky_room, layout_loops_corners, good_gods_mini_temple,
          mainiacjoe_overflow_cross_hatched, serial_shops, nicolae_shop_crystal,
          dk_noncrumbling_3, corexii_checkpoint_b, uniq_harold
D:11:     layout_roguey, due_lair_maze_entry_diamond, serial_shops,
          nicolae_shop_overgrown_old_shop, uniq_grum
D:12:     layout_irregular_city, orc_0_dummy, nemelex_lonely_heart_becter
D:13:     layout_irregular_city
D:15:     grunt_enter_depths_snipers, layout_long_grid, grunt_decor_arrowhead
Orc:1:    layout_caves, basic_altar
Orc:2:    grunt_orc_community_town_hall, layout_diamond_mine,
          grunt_orc_community_big_house_1, grunt_orc_community_big_house_1,
          grunt_orc_community_house_2, grunt_orc_community_house_3,
          grunt_orc_community_house_2, grunt_orc_community_house_1,
          grunt_orc_community_house_2, grunt_orc_community_house_1,
          serial_shops, nicolae_shop_hallway_stairs, uniq_sonja
Elf:1:    layout_geoelf_diagonals, serial_shops, bzr_entry_customers,
          hangedman_corner_corridor, minmay_shop_star

Skill      XL: |  1  2  3  4  5  6  7  8  9 10 11 12 13 |
---------------+----------------------------------------+-----
Armour         | 2 3 4 6 7 8 9 11 12 | 12.4
Axes           | 3 4 5 6 7 8 10 11 12 | 12.6
Dodging        | 2 3 4 5 6 7 8 9 |  9.0
Fighting       | 4 5 7 8 9 11 12 13 | 13.6

Action                     |  1- 3 |  4- 6 |  7- 9 | 10-12 | 13-15 || total
---------------------------+-------+-------+-------+-------+-------++-------
  Melee: Hand axe          |   126 |   198 |   252 |       |       ||   576
         Punch             |     1 |     1 |       |       |       ||     2
         Kick              |       |    10 |     3 |       |       ||    13
         Tailslap          |       |     5 |    28 |   115 |    50 ||   198
         War axe           |       |       |    44 |   454 |       ||   498
         Broad axe         |       |       |       |   204 |   282 ||   486
 Invoke: Berserk           |       |     1 |     1 |     3 |       ||     5
         Trog's Hand       |       |     1 |     1 |       |       ||     2
    Use: Scroll            |     4 |     5 |    12 |    10 |     5 ||    36
         Potion            |     2 |     4 |     5 |     2 |     2 ||    15
   Stab: Sleeping          |     1 |       |       |       |       ||     1
         Distracted        |       |       |       |       |     1 ||     1
 Armour: Animal skin       |    23 |       |       |       |       ||    23
         Chain mail        |     7 |   144 |   244 |    49 |       ||   444
         Crystal plate arm |       |       |       |   408 |   286 ||   694
  Dodge: Dodged            |    83 |    81 |   124 |   191 |   122 ||   601
  Block: Other             |    20 |    28 |       |       |       ||    48
         Buckler           |       |    10 |   133 |   424 |   194 ||   761

Table legend: (Time is in decaauts)
 A = Elapsed time spent in this place.
 B = Non-inter-level travel time spent in this place.
 C = Inter-level travel time spent in this place.
 D = Time resting spent in this place.
 E = Time spent auto-exploring this place.
 F = Levels seen in this place.
 G = Mean time per level.
                   A        B        C        D        E       F      G
               +--------+--------+--------+--------+--------+-----+--------+
         Total |  13493 |  11874 |   1619 |    575 |   7790 |  18 |  749.6 |
       Dungeon |  10362 |   9336 |   1026 |    177 |   6775 |  14 |  740.1 |
  Orcish Mines |   1822 |   1626 |    196 |    173 |    811 |   2 |  911.0 |
   Elven Halls |   1007 |    611 |    396 |    225 |     73 |   1 | 1007.0 |
        Bailey |    300 |    300 |      0 |      0 |    131 |   1 |  300.0 |
               +--------+--------+--------+--------+--------+-----+--------+

Top non-repeatable levels by time:
   Orc:2: 1352 daAuts
     D:5: 1274 daAuts
     D:4: 1151 daAuts
   Elf:1: 1007 daAuts
    D:10: 993 daAuts
     D:7: 880 daAuts
     D:1: 799 daAuts
     D:3: 769 daAuts
     D:8: 702 daAuts
    D:12: 689 daAuts
    D:11: 655 daAuts
    D:15: 568 daAuts
     D:2: 492 daAuts
     D:6: 485 daAuts
   Orc:1: 469 daAuts
